 Dungeon Crawl Stone Soup version 0.14-a0-3491-gb7ac591 (webtiles) character file.

2188 Persuasio the Shield-Bearer (level 9, 0/66 HPs)
             Began as a Human Fighter on Mar 25, 2014.
             Succumbed to poison (curare-tipped needle)
             ... on Level 6 of the Dungeon on Mar 26, 2014.
             The game lasted 00:34:52 (7164 turns).

Persuasio the Shield-Bearer (Human Fighter)         Turns: 7164, Time: 00:34:52

HP   0/66        AC 13     Str 26      XL: 9   Next: 34%
MP   9/9         EV  6     Int  9      God:
Gold 340         SH 22     Dex 14      Spells:  0 memorised,  8 levels left

rFire  . . .     SeeInvis .     a - +1 long sword
rCold  + . .     Clarity  .     t - +0 chain mail
rNeg   . . .     Conserve .     c - +0 shield
rPois  .         rCorr    .     (no helmet)
rElec  .         rRot     .     C - +0 cloak
SustAb . .       Spirit   .     k - +1 pair of gloves
rMut   .         Warding  .     (no boots)
Saprov . . .     Stasis   .     (no amulet)
MR     .....                    m - ring of protection from cold
                                g - +6 ring of strength

@: lethally poisoned, very slightly contaminated, slowed, very slow, not
resistant to hostile enchantments, extremely unstealthy
A: strong 1
a: no special abilities


You were on level 6 of the Dungeon.
You were not hungry.

You visited 1 branch of the dungeon, and saw 6 of its levels.

You collected 340 gold pieces.

Inventory:

Hand weapons
 a - a +1,+1 long sword (weapon)
 f - a +0,+4 whip of pain
 n - a +0,+0 sling
 z - a +0,+0 war axe of venom
 I - a +0,+3 spear of flaming
 M - a +0,+0 mace of holy wrath
 N - a +0,+1 mace of draining
Missiles
 i - 34 stones
 o - 31 sling bullets
 r - 6 darts
 y - 5 poisoned javelins (quivered)
 B - 2 throwing nets
Armour
 c - a +0 shield (worn)
 k - a +1 pair of gloves (worn)
 t - a +0 chain mail (worn)
 C - a +0 cloak (worn)
Magical devices
 J - a wand of hasting (1)
Comestibles
 b - an apple
 d - 2 bread rations
 h - an apricot
 l - a pear
 q - a choko
 u - a cheese
 w - 2 meat rations
 D - a slice of pizza
 L - a honeycomb
Scrolls
 v - a scroll of amnesia {unknown}
 x - a scroll of magic mapping
 A - a scroll of identify
 F - a scroll of teleportation
 H - a scroll of recharging
 K - a scroll of remove curse
Jewellery
 g - a +6 ring of strength (left hand)
 m - a ring of protection from cold (right hand)
 p - an uncursed ring of magical power
 E - an uncursed ring of sustain abilities
Potions
 e - a potion of might
 j - 3 potions of agility
 s - 5 potions of curing
 G - a potion of heal wounds


   Skills:
 + Level 4.4 Fighting
 + Level 4.7 Long Blades
 * Level 5.1 Slings
 * Level 5.1 Throwing
 + Level 5.3 Armour
 + Level 4.2 Dodging
 + Level 0.4 Stealth
 + Level 5.4 Shields


You had 8 spell levels left.
You didn't know any spells.

Dungeon Overview and Level Annotations

Branches:
Dungeon (6/15)
 Temple: D:4-7

Altars:
Elyvilon
Makhleb
Vehumet
Yredelemnul
Zin


Innate Abilities, Weirdness & Mutations

Your muscles are strong. (Str +2)


Message History

The centaur hits you.
* * * LOW HITPOINT WARNING * * *
You hit the centaur.
The centaur is almost dead.
You feel sick. The centaur hits you.
* * * LOW HITPOINT WARNING * * *
The centaur completely misses you. The centaur hits you.
* * * LOW HITPOINT WARNING * * *
You barely miss the centaur.
The centaur is almost dead.
You feel sick. You block the centaur's attack. The centaur hits you.
* * * LOW HITPOINT WARNING * * *
You block the centaur's attack.
You hit the centaur.
The centaur is almost dead.
The centaur hits you but does no damage.
You block the centaur's attack.
You slash the centaur!
You kill the centaur!
You die...

............## ###
#.# .>[.........#
#.# ............#
##.# ............#
#####..#
...###.......###
#....#.# ...#
##.###.....
##..##.# ...# #.#
#..... +..##.# ...#
###.)...## ##..##.#
...#
.......)@###......#
...#
.##......((((.....#
..
#........##(....#
#../.....##.)...#
#........##.....#
................#
............##.#
...(.......# .#
.........(# #


There were no monsters in sight!

Vanquished Creatures
  A gargoyle (D:6)
  3 ogres
  2 phantoms
  3 centaurs
  3 scorpions
  A crimson imp (D:5)
  2 orc priests (D:5)
  2 orc wizards
  Natasha (D:4)
  6 worker ants
  A hound skeleton (D:4)
  8 gnolls
  11 adders
  A giant mite (D:4)
  A shadow imp (D:5)
  4 worms
  An adder skeleton (D:5)
  5 giant geckos
  17 orcs
  2 bat skeletons (D:4)
  8 giant cockroaches
  16 goblins
  14 hobgoblins
  4 jackals
  2 quokkas
  10 bats
  4 giant newts
  14 kobolds
  A kobold zombie (D:5)
  An orc skeleton (D:4)
  39 rats
  A rat skeleton (D:5)
189 creatures vanquished.

Vanquished Creatures (others)
  An adder skeleton (D:5)
  A fungus (D:1)
2 creatures vanquished.

Grand Total: 191 creatures vanquished

Notes
Turn   | Place    | Note
--------------------------------------------------------------
     0 | D:1      | Persuasio, the Human Fighter, began the quest for the Orb.
     0 | D:1      | Reached XP level 1. HP: 18/18 MP: 1/1
   401 | D:1      | Reached XP level 2. HP: 24/24 MP: 2/2
  1023 | D:2      | Reached XP level 3. HP: 27/29 MP: 3/3
  1414 | D:2      | Reached skill level 1 in Dodging
  1545 | D:2      | Reached XP level 4. HP: 18/35 MP: 4/4
  1961 | D:2      | Reached skill level 1 in Throwing
  2022 | D:2      | Reached skill level 1 in Slings
  2187 | D:2      | Reached XP level 5. HP: 14/41 MP: 5/5
  3087 | D:3      | Reached XP level 6. HP: 20/48 MP: 6/6
  3459 | D:3      | Noticed a centaur
  3475 | D:3      | Killed a centaur
  3772 | D:3      | Reached skill level 4 in Armour
  4045 | D:4      | Reached XP level 7. HP: 48/53 MP: 7/7
  4318 | D:4      | Noticed Natasha
  4332 | D:4      | Killed Natasha
  4714 | D:5      | Entered Level 5 of the Dungeon
  5191 | D:5      | Reached XP level 8. HP: 34/60 MP: 8/8
  5227 | D:5      | Found a burning altar of Makhleb.
  5229 | D:5      | Found a glowing silver altar of Zin.
  5230 | D:5      | Noticed a blizzard demon
  5230 | D:5      | Noticed an angel
  5380 | D:5      | HP: 1/60 [ogre/giant spiked club (13)]
  5456 | D:5      | HP: 3/60 [poisoned by a worker ant]
  6398 | D:5      | Gained mutation: Your muscles are strong. (Str +2) [potion of beneficial mutation]
  6657 | D:6      | Found a radiant altar of Vehumet.
  6658 | D:6      | Found a basalt altar of Yredelemnul.
  6733 | D:6      | Reached skill level 5 in Armour
  6742 | D:6      | Reached XP level 9. HP: 40/66 MP: 9/9
  6795 | D:6      | Reached skill level 5 in Shields
  7022 | D:6      | Found a white marble altar of Elyvilon.
  7070 | D:6      | Noticed a gargoyle
  7087 | D:6      | Killed a gargoyle
  7087 | D:6      | Reached skill level 5 in Slings
  7087 | D:6      | Reached skill level 5 in Throwing
  7162 | D:6      | HP: 1/66 [centaur (5)]
  7164 | D:6      | Succumbed to poison (curare-tipped needle)

Action                   |  1- 3 |  4- 6 |  7- 9 || total
-------------------------+-------+-------+-------++-------
Melee: Long sword        |   103 |   347 |   388 ||   838
       War axe           |       |     6 |       ||     6
 Fire: Sling             |     7 |     1 |     5 ||    13
Throw: Stone             |       |     1 |     4 ||     5
       Javelin           |       |     1 |     7 ||     8
       Throwing net      |       |       |     1 ||     1
Evoke: Wand              |       |       |     1 ||     1
  Use: Scroll            |     8 |     7 |     7 ||    22
       Potion            |     1 |       |     9 ||    10
